 Dungeon Crawl Stone Soup version 0.20.1-1-g8b1a95d (webtiles) character file.

8167 vatarom the Basher (level 11, -4/90 HPs)
             Began as a Demonspawn Chaos Knight on Sept 6, 2017.
             Slain by Snorg (14 damage)
             ... on level 10 of the Dungeon.
             The game lasted 00:28:25 (10129 turns).

vatarom the Basher (Demonspawn Chaos Knight)       Turns: 10129, Time: 00:28:26

Health: -4/90      AC: 22    Str: 27    XL:     11   Next: 6%
Magic:  11/11      EV: 13    Int: 13    God:    Xom [.....*]
Gold:   531        SH:  3    Dex: 17    Spells: 10/10 levels left

rFire    . . .     SeeInvis .   E - +3 dire flail (venom)
rCold    . . .     Gourm    .   (shield currently unavailable)
rNeg     . . .     Faith    .   J - +4 plate armour
rPois    .         Spirit   .   d - +1 helmet
rElec    +         Reflect  +   (no cloak)
rCorr    .         Harm     .   (gloves unavailable)
MR       .....                  (no boots)
Stlth    ..........             A - amulet "Hafew" {Reflect rElec rC- Str+4 SH+3}
Regen    0.7/turn               H - ring "Zibimp" {Ice Str+4 Dex+2 Stlth-}
MPRegen  0.2/turn               q - +3 ring of evasion

@: mighty, cleaving
A: claws 3, rugged brown scales 2, demonic guardian 1, fire resistance 1,
powered by pain 1, regeneration 1
a: Renounce Religion


You were on level 10 of the Dungeon.
You worshipped Xom.
You were Xom's teddy bear.
You were not hungry.

You visited 2 branches of the dungeon, and saw 11 of its levels.
You also visited: Ossuary.

You collected 531 gold pieces.

Inventory:

Hand Weapons
 a - a +1 mace of chaos
 E - a +3 dire flail of venom (weapon)
Armour
 b - a +2 leather armour
 d - a +1 helmet (worn)
 h - a +0 pair of gloves
 C - a +0 troll leather armour
 J - a +4 plate armour (worn)
 L - a +2 buckler
Jewellery
 k - a +2 ring of evasion
 l - an uncursed amulet of rage
 q - a +3 ring of evasion (right claw)
 A - the amulet "Hafew" (around neck) {Reflect rElec rC- Str+4 SH+3}
   (You found it on level 9 of the Dungeon)

   [amulet of reflection]

   It shields you and reflects attacks.
   It affects your strength (+4).
   It makes you vulnerable to cold.
   It insulates you from electricity.
   It affects your SH (+3).
 H - the ring "Zibimp" (left claw) {Ice Str+4 Dex+2 Stlth-}
   (You found it on level 8 of the Dungeon)

   [ring of ice]

   It enhances your ice magic.
   It affects your strength (+4).
   It affects your dexterity (+2).
   It makes you vulnerable to fire.
   It protects you from cold.
   It makes you less stealthy.
Wands
 e - a wand of flame (14/48)
 f - a wand of paralysis (15/24)
 m - a wand of acid (6/15)
 n - a wand of acid (3/15)
 o - a wand of confusion (20/48)
 u - a wand of random effects (39/48)
 y - a wand of paralysis (16/24)
 G - a wand of polymorph (7/24)
 M - a wand of disintegration (6/24)
Scrolls
 j - 5 scrolls of remove curse
 v - 3 scrolls of identify
 w - a scroll of enchant armour
 x - a scroll of teleportation
 D - a scroll of recharging
 F - a scroll of amnesia
Potions
 B - a potion of cancellation
 K - a potion of brilliance
Books
 r - a book of Necromancy

   Spells                             Type                      Level
   a - Pain                           Necromancy                   1
   b - Animate Skeleton               Necromancy                   1
   c - Vampiric Draining              Necromancy                   3
   d - Regeneration                   Charms/Necromancy            3
   e - Animate Dead                   Necromancy                   4
   f - Control Undead                 Necromancy                   4
 t - a book of Flames

   Spells                             Type                      Level
   a - Flame Tongue                   Conjuration/Fire             1
   b - Throw Flame                    Conjuration/Fire             2
   c - Conjure Flame                  Conjuration/Fire             3
   d - Inner Flame                    Hexes/Fire                   3
   e - Sticky Flame                   Conjuration/Fire             4
   f - Fireball                       Conjuration/Fire             5
Miscellaneous
 p - a phial of floods
Comestibles
 c - 2 bread rations
 g - 23 fruits
 i - 4 meat rations
 s - 5 royal jellies
 I - 4 chunks of flesh


   Skills:
 - Level 8.2 Fighting
 + Level 10.0 Maces & Flails
 * Level 9.6 Armour
 - Level 4.3 Dodging


You had 10 spell levels left.
You didn't know any spells.

Dungeon Overview and Level Annotations

Branches:
Dungeon (10/15)            Temple (1/1) D:7             Orc (0/2) D:9
   Lair: D:8-11

Altars:
Ashenzari
Cheibriados
Dithmenos
Elyvilon
Fedhas
Gozag
Hepliaklqana
Kikubaaqudgha
Nemelex Xobeh
Okawaru
Qazlal
Ru
Sif Muna
Trog
Uskayaw
Vehumet
Xom
Yredelemnul
Zin
The Shining One

Shops:
D:6 [}}!

Annotations:
D:3 vatarom's ghost, weakling DsCK
D:10 Snorg


Innate Abilities, Weirdness & Mutations

You have claws for hands.
You are mostly covered in rugged brown scales. (AC +2, +5% HP)
A weak demonic guardian rushes to your aid.
You sometimes gain a little power by taking damage.
Your flesh is heat resistant. (rF+)
Your natural rate of healing is unusually fast.


Message History

You are confused.
You feel invigorated. Snorg bites you but does no damage. Snorg claws you.
* * * LOW HITPOINT WARNING * * *
Snorg closely misses you. x2; Snorg claws you but does no damage. x2
Your iron imp hits Snorg.
Unknown command.
Your iron imp hits Snorg.
Snorg bites you!!
* * * LOW HITPOINT WARNING * * *
Snorg closely misses you. Snorg claws you but does no damage.
You feel less invigorated.
You feel less confused.
Snorg closely misses you. x2; You block Snorg's attack.
Your shadow imp closely misses Snorg.
A hound comes into view.
Snorg bites you but does no damage. Snorg completely misses you.
Snorg closely misses you.
Your iron imp hits Snorg.
Snorg barely misses you. Snorg closely misses you. Snorg claws you!
You die...
Xom giggles madly!

#.. ##. #.#### ## #..
##h##.###+###..## #...
#.......'........ #...
#.......#.5......
#....+.......#..>.....
#....#.555<.##..##..##
#.....5T....##..# .#
..####.@.##..##... .
#...##..##...#
#............+
#.......##+###
#.......# ######..#
..# .+


You could see Snorg (berserk), a hound, 2 friendly iron imps and 2 friendly
shadow imps.

Vanquished Creatures
  The ghost of Terandir the Cleaver, a novice MiFi of Cheibriados (D:9)
  3 two-headed ogres
  2 trolls (D:9)
  2 hippogriffs
  A human (D:7)
  3 hogs (D:7)
  Grum (D:8)
  2 hungry ghosts
  6 orc warriors
  2 sky beasts
  An eye of draining (D:8)
  An ice beast (D:7)
  A black bear (D:9)
  3 wolves (D:8)
  8 ogres
  2 centaurs
  2 big kobolds (D:9)
  2 bullfrogs
  5 gnoll sergeants (D:9)
  A scorpion (D:8)
  3 killer bees (D:9)
  2 crimson imps
  2 bullfrog zombies (D:5)
  5 orc wizards
  A quasit (D:5)
  4 hounds
  A jelly (D:8)
  A human zombie (Ossuary)
  An iguana (D:6)
  Natasha (thrice) (D:4)
  A centaur skeleton (D:8)
  6 worker ants
  4 mummies (Ossuary)
  17 adders
  4 gnolls
  3 shadow imps
  3 oozes
  2 adder skeletons (D:4)
  A worm (D:4)
  3 dart slugs
  6 leopard geckos
  27 orcs
  2 ball pythons
  A bat (shapeshifter) (D:6)
  2 giant cockroaches
  4 gnoll zombies (Ossuary)
  9 goblins
  9 hobgoblins
  10 jackals
  10 kobolds
  3 quokkas
  7 bats
  4 frilled lizards
  3 goblin zombies (Ossuary)
  A quokka skeleton (D:4)
  A quokka zombie (D:5)
  6 rats
221 creatures vanquished.

Vanquished Creatures (collateral kills)
  A hippogriff (D:7)
  Sigmund (D:4)
  A yak (D:7)
  An acid dragon (D:7)
  2 orc warriors
  A black bear (D:6)
  Blork the orc (D:5)
  An orc priest (D:9)
  A hound (D:7)
  2 orc wizards
  A worker ant (D:7)
  A shadow imp (D:8)
  2 orcs (D:7)
  2 quokkas
18 creatures vanquished.

Vanquished Creatures (others)
  Joseph (D:8)
  A hound (D:7)
  An orc wizard (D:7)
  A gnoll (D:9)
  An orc (D:7)
  A goblin zombie (D:8)
  A kobold zombie (D:8)
7 creatures vanquished.

Grand Total: 246 creatures vanquished

Notes
Turn   | Place    | Note
-------+----------+-------------------------------------------
     0 | D:1      | vatarom the Demonspawn Chaos Knight began the quest for the Orb.
     0 | D:1      | Reached XP level 1. HP: 18/18 MP: 1/1
    29 | D:1      | XOM: harmless Tloc miscast
    32 | D:1      | XOM: silly message
   126 | D:1      | Gained mutation: You have sharp fingernails. [demonic ancestry]
   126 | D:1      | Reached XP level 2. HP: 17/24 MP: 2/2
   196 | D:1      | Reached skill level 3 in Maces & Flails
   914 | D:2      | Gained mutation: You have very sharp fingernails. [demonic ancestry]
   914 | D:2      | Reached XP level 3. HP: 29/29 MP: 3/3
  1146 | D:2      | XOM: harmless Ice miscast
  1162 | D:2      | XOM: noise
  1271 | D:2      | Gained mutation: You sometimes gain a little power by taking damage. [demonic ancestry]
  1271 | D:2      | Reached XP level 4. HP: 30/37 MP: 4/4
  1368 | D:2      | Found a shimmering altar of Xom.
  1481 | D:2      | XOM: harmless Erth miscast
  1504 | D:2      | XOM: divination: magic mapping
  1531 | D:2      | Found a sparkling altar of Nemelex Xobeh.
  1934 | D:3      | Reached skill level 4 in Maces & Flails
  2263 | D:3      | Reached XP level 5. HP: 39/43 MP: 5/5
  2322 | D:3      | Noticed vatarom's ghost (weakling DsCK)
  2328 | D:3      | Gained mutation: Your mind is acute. (Int +2) [potion of mutation]
  2328 | D:3      | Gained mutation: You are agile. (Dex +2) [potion of mutation]
  2328 | D:3      | Gained mutation: You are somewhat resistant to further mutation. [potion of mutation]
  2339 | D:3      | XOM: harmless Chrm miscast
  2648 | D:3      | XOM: harmless Erth miscast
  2913 | D:3      | XOM: divination: magic mapping
  3095 | D:4      | Noticed an ogre
  3099 | D:4      | Killed an ogre
  3099 | D:4      | Reached skill level 5 in Fighting
  3099 | D:4      | Reached XP level 6. HP: 51/51 MP: 6/6
  3100 | D:4      | XOM: silly message
  3199 | D:4      | Noticed Natasha
  3208 | D:4      | Killed Natasha
  3231 | D:4      | XOM: harmless Chrm miscast
  3237 | D:4      | XOM: potion effect (berserk rage)
  3239 | D:4      | Reached skill level 5 in Maces & Flails
  3295 | D:4      | XOM: harmless Fire miscast
  3400 | D:4      | Found a transporter.
  3432 | D:4      | XOM: potion effect (haste)
  3432 | D:4      | Found a stormy altar of Qazlal.
  3433 | D:4      | Found a transporter.
  3636 | D:4      | Noticed Natasha
  3652 | D:4      | Killed Natasha
  3657 | D:4      | Noticed Natasha
  3661 | D:4      | XOM: harmless Hex miscast
  3830 | D:4      | XOM: summons 1 hostile shadow creature
  3848 | D:4      | Noticed Sigmund
  3860 | D:4      | Killed Sigmund
  3860 | D:4      | Reached XP level 7. HP: 58/58 MP: 7/7
  3892 | D:4      | XOM: mild Necr miscast
  3943 | D:4      | XOM: medium Erth miscast
  3959 | D:4      | Killed Natasha
  4046 | D:4      | XOM: harmless Erth miscast
  4126 | D:5      | Entered Level 5 of the Dungeon
  4178 | D:5      | Lost mutation: Your mind is acute. (Int +2) [potion of mutation]
  4178 | D:5      | Lost mutation: You are agile. (Dex +2) [potion of mutation]
  4178 | D:5      | Gained mutation: You have very sharp teeth. [potion of mutation]
  4357 | D:5      | XOM: scenery: create altars
  4456 | D:5      | Reached skill level 6 in Maces & Flails
  4484 | D:5      | Noticed Blork the orc
  4490 | D:5      | XOM: summons 2 friendly demons
  4493 | D:5      | Killed Blork the orc
  4567 | D:5      | XOM: noise
  4626 | D:5      | Found a radiant altar of Vehumet.
  4724 | D:5      | XOM: cloud trail
  4938 | D:6      | Found a blossoming altar of Fedhas.
  4941 | D:6      | XOM: potion effect (haste)
  4963 | D:6      | Found Wudd's Armour Shoppe.
  5021 | D:6      | XOM: blink monster(s)
  5027 | D:6      | XOM: summons friendly ufetubus
  5033 | D:6      | Gained mutation: You are partially covered in rugged brown scales. (AC +1, +3% HP) [demonic ancestry]
  5033 | D:6      | Reached XP level 8. HP: 28/69 MP: 8/8
  5222 | D:6      | Found Koaxky's Gadget Shop.
  5263 | D:6      | Found an iron altar of Okawaru.
  5343 | D:6      | Reached skill level 7 in Maces & Flails
  5347 | D:6      | Lost mutation: You have very sharp teeth. [mutagenic meat]
  5415 | D:6      | Found Zomamaamm's Distillery.
  5429 | D:6      | XOM: god gift: embroidered robe {god gift}
  5474 | D:6      | Found Not Vynosi's Gadget Boutique.
  5620 | D:6      | XOM: give mutations
  5620 | D:6      | Gained mutation: Your flesh is heat resistant. (rF+) [Xom's grace]
  5620 | D:6      | Gained mutation: You have sharp toenails. [Xom's grace]
  5620 | D:6      | Gained mutation: You are somewhat resistant to both further mutation and mutation removal. [Xom's grace]
  5627 | D:6      | XOM: cast spell 'Leda's Liquefaction'
  5738 | D:6      | XOM: polymorph orc priest -> hound
  5739 | D:6      | XOM: polymorph hound -> ooze
  6003 | D:6      | Found a glowing golden altar of the Shining One.
  6321 | D:7      | XOM: destruction
  6326 | D:7      | XOM: cast spell 'Summon Hydra'
  6506 | D:7      | XOM: 1-stop teleportation journey
  6524 | D:7      | Lost mutation: Your flesh is heat resistant. (rF+) [potion of mutation]
  6524 | D:7      | Lost mutation: You have sharp toenails. [potion of mutation]
  6524 | D:7      | Lost mutation: You are somewhat resistant to both further mutation and mutation removal. [potion of mutation]
  6524 | D:7      | Lost mutation: You are somewhat resistant to further mutation. [potion of mutation]
  6524 | D:7      | Gained mutation: You have sharp toenails. [potion of mutation]
  6524 | D:7      | Gained mutation: You passively map a small area around you. [potion of mutation]
  6524 | D:7      | Gained mutation: You are covered in fur. (AC +1) [potion of mutation]
  6525 | D:7      | Lost mutation: You are covered in fur. (AC +1) [potion of mutation]
  6525 | D:7      | Lost mutation: You passively map a small area around you. [potion of mutation]
  6525 | D:7      | Lost mutation: You have sharp toenails. [potion of mutation]
  6525 | D:7      | Gained mutation: You are dopey. (Int -2) [potion of mutation]
  6525 | D:7      | Gained mutation: Your muscles are strong. (Str +2) [potion of mutation]
  6525 | D:7      | Lost mutation: You are dopey. (Int -2) [potion of mutation]
  6525 | D:7      | Gained mutation: Your natural rate of healing is unusually fast. [potion of mutation]
  6671 | D:7      | XOM: summons friendly white imp
  6679 | D:7      | XOM: mild Fire miscast
  6685 | D:7      | XOM: harmless Summ miscast
  6691 | D:7      | XOM: 2-stop teleportation journey
  6692 | D:7      | Noticed a hippogriff
  6697 | D:7      | XOM: blink monster(s)
  6722 | D:7      | XOM: confusion
  6739 | D:7      | XOM: medium Summ miscast
  6753 | D:7      | Killed a hippogriff
  6754 | D:7      | Gained mutation: A weak demonic guardian rushes to your aid. [demonic ancestry]
  6754 | D:7      | Reached XP level 9. HP: 10/76 MP: 9/9
  6840 | D:7      | Reached skill level 5 in Armour
  7082 | D:7      | XOM: harmless Conj miscast
  7091 | D:7      | XOM: confusion (+ monsters)
  7104 | D:7      | XOM: smoke on damage
  7111 | D:7      | XOM: medium Hex miscast
  7117 | D:7      | XOM: enchant monster (bad)
  7293 | D:7      | Found a shadowy altar of Dithmenos.
  7334 | D:7      | Found a staircase to the Ecumenical Temple.
  7409 | Temple   | Entered the Ecumenical Temple
  7531 | D:7      | XOM: scenery: create altars
  7626 | D:8      | Found a bloodstained altar of Trog.
  7652 | D:8      | Found a sand-covered staircase.
  7652 | D:8      | Noticed Joseph
  7660 | D:8      | XOM: medium Hex miscast
  7665 | D:8      | Killed Joseph
  7665 | D:8      | XOM: divine lightning
  7690 | D:8      | XOM: summons 4 hostile demons
  7691 | D:8      | Noticed a hellwing
  7815 | Ossuary  | Entered an ossuary
  7861 | Ossuary  | Lost mutation: Your muscles are strong. (Str +2) [potion of mutation]
  7861 | Ossuary  | Gained mutation: You have claws for hands. [potion of mutation]
  7861 | Ossuary  | Gained mutation: Your flesh is heat resistant. (rF+) [potion of mutation]
  8031 | Ossuary  | XOM: harmless Summ miscast
  8053 | Ossuary  | Reached skill level 1 in Dodging
  8150 | D:8      | Noticed Grum
  8151 | D:8      | Noticed a two-headed ogre
  8169 | D:8      | XOM: destruction
  8176 | D:8      | Killed Grum
  8181 | D:8      | XOM: smoke on damage
  8182 | D:8      | Killed a two-headed ogre
  8182 | D:8      | XOM: confuse monster(s)
  8195 | D:8      | XOM: silly message
  8205 | D:8      | XOM: confuse monster(s)
  8417 | D:8      | Got a smoking amber ring
  8431 | D:8      | Identified the ring "Zibimp" {Ice Str+4 Dex+2 Stlth-} (You found it on level 8 of the Dungeon)
  8678 | D:9      | Noticed Terandir's ghost (novice MiFi)
  8685 | D:9      | XOM: noise
  8758 | D:8      | XOM: noise
  8825 | D:9      | Noticed a two-headed ogre
  8827 | D:9      | XOM: summons 4 friendly demons
  8900 | D:8      | Reached skill level 8 in Maces & Flails
  8913 | D:8      | Killed a two-headed ogre
  8913 | D:8      | Gained mutation: You are mostly covered in rugged brown scales. (AC +2, +5% HP) [demonic ancestry]
  8913 | D:8      | Reached XP level 10. HP: 29/84 MP: 10/10
  8957 | D:9      | Got an ancient bone amulet
  8971 | D:9      | Identified the amulet "Hafew" {Reflect rElec rC- Str+4 SH+3} (You found it on level 9 of the Dungeon)
  9022 | D:9      | Reached skill level 9 in Maces & Flails
  9059 | D:9      | XOM: enchant monster (good)
  9070 | D:9      | XOM: polymorph jackal -> leopard gecko
  9302 | D:9      | Noticed a two-headed ogre
  9305 | D:9      | Killed a two-headed ogre
  9310 | D:9      | XOM: noise
  9350 | D:9      | Found a snail-covered altar of Cheibriados.
  9383 | D:9      | XOM: confuse monster(s)
  9386 | D:9      | XOM: silly message
  9409 | D:9      | XOM: potion effect (brilliance)
  9410 | D:9      | XOM: polymorph quasit -> crimson imp
  9414 | D:9      | XOM: repel stairs
  9487 | D:8      | XOM: summons 1 hostile shadow creature
  9569 | D:9      | XOM: medium Necr miscast
  9578 | D:9      | XOM: harmless Hex miscast
  9583 | D:9      | XOM: cleaving
  9776 | D:9      | XOM: harmless Ice miscast
  9797 | D:9      | Found a staircase to the Orcish Mines.
  9797 | D:9      | XOM: scenery: 1 doors close
  9839 | D:9      | XOM: fog
  9867 | D:9      | XOM: fog
  9878 | D:9      | XOM: destruction
  9951 | D:9      | Reached skill level 10 in Maces & Flails
 10006 | D:9      | Found a sacrificial altar of Ru.
 10040 | D:9      | XOM: cleaving
 10051 | D:9      | XOM: harmless Erth miscast
 10052 | D:9      | XOM: cleaving
 10056 | D:9      | Killed Terandir's ghost
 10056 | D:9      | Mutation became permanent: You have very sharp fingernails. [demonic ancestry]
 10056 | D:9      | Gained mutation: You have claws for hands. [demonic ancestry]
 10056 | D:9      | Reached XP level 11. HP: 57/90 MP: 11/11
 10110 | D:10     | Entered Level 10 of the Dungeon
 10115 | D:10     | Noticed Snorg
 10116 | D:10     | XOM: summons friendly iron imp
 10129 | D:10     | Slain by Snorg

Skill      XL: |  1  2  3  4  5  6  7  8  9 10 |
---------------+-------------------------------+-----
Maces & Flails | 3 4 5 6 7 8 10 | 10.0
Fighting       | 4 5 6 7 8 |  8.2
Armour         | 4 7 9 |  9.6
Dodging        | 4 |  4.3

Action                   |  1- 3 |  4- 6 |  7- 9 | 10-12 || total
-------------------------+-------+-------+-------+-------++-------
Melee: Mace              |   108 |   223 |   383 |       ||   714
       Bite              |       |       |    14 |       ||    14
       Kick              |       |       |    13 |       ||    13
       Dire flail        |       |       |    32 |   214 ||   246
Evoke: Wand              |       |     2 |     8 |     1 ||    11
       Phial of floods   |       |     1 |     1 |       ||     2
  Use: Scroll            |     2 |       |    13 |     2 ||    17
       Potion            |     1 |     7 |    14 |     2 ||    24
 Stab: Paralysed         |     2 |     3 |     7 |       ||    12
       Sleeping          |       |     2 |       |       ||     2
       Confused          |       |       |     1 |       ||     1
       Distracted        |       |       |       |     2 ||     2
  Eat: Chunk             |     1 |     7 |    11 |     1 ||    20
       Fruit             |       |     2 |     2 |       ||     4
       Bread ration      |       |       |     3 |     1 ||     4
Armor: Leather armour    |    43 |    46 |   119 |    15 ||   223
       Skin              |       |     1 |       |       ||     1
       Plate armour      |       |       |       |    52 ||    52
       Troll leather arm |       |       |       |     8 ||     8
Dodge: Dodged            |   104 |   148 |   367 |   128 ||   747
Block: Other             |       |       |       |    32 ||    32
